 Dungeon Crawl Stone Soup version 0.30.1-11-g7821555f0a (webtiles) character file.

Game seed: 4817098272918711818

34 Dordric the Slasher (level 3, 0/28 HPs)
             Began as a Barachi Warper on Nov 1, 2023.
             Slain by a kobold
             ... wielding a +0 dagger
              (3 damage)
             ... on level 2 of the Dungeon.
             The game lasted 00:00:51 (1007 turns).

Dordric the Slasher (Barachi Warper)                Turns: 1007, Time: 00:00:51

Health: 0/28       AC:  3    Str: 12    XL:     3   Next: 31%
Magic:  6/6        EV: 12    Int: 13    God:
Gold:   78         SH:  0    Dex: 13    Spells: 4/6 levels left

rFire   . . .        a - +0 falchion
rCold   . . .        (no shield)
rNeg    . . .        b - +0 leather armour
rPois   .            (no helmet)
rElec   .            (no cloak)
rCorr   .            (no gloves)
SInv    .            (no boots)
Will    .....        (no amulet)
Stlth   +            (no ring)
HPRegen 0.24/turn    (no ring)
MPRegen 0.10/turn

%: no passive effects
@: slow
A: amphibious, slowness 1, strong legs 1, +LOS
a: Hop


You were on level 2 of the Dungeon.
You visited 1 branch of the dungeon, and saw 2 of its levels.

You collected 78 gold pieces.

Inventory:

Hand Weapons
 a - a +0 falchion (weapon)
Missiles
 d - 6 boomerangs of dispersal (quivered)
Armour
 b - a +0 leather armour (worn)
Scrolls
 c - a scroll of blinking
 e - 3 scrolls of identify {unknown}
 f - a scroll of noise {unknown}
 g - a scroll of teleportation {unknown}


   Skills:
 - Level 2.4 Fighting
 + Level 4.4 Long Blades
 - Level 1.0 Throwing
 - Level 1.2 Armour
 - Level 2.1 Dodging
 - Level 2.1 Spellcasting
 - Level 3.2 Translocations


You had 4 spell levels left.
You knew the following spells:

 Your Spells              Type           Power      Damage    Failure   Level
a - Blink                 Tloc           18%        N/A       12%         2

Your spell library contained the following spells:

 Spells                   Type           Power      Damage    Failure   Level
 Lesser Beckoning         Tloc           18%        N/A       12%         2
 Teleport Other           Tloc           9%         N/A       24%         3
 Vhi's Electric Charge    Tloc/Air       10%        N/A       43%         3
 Manifold Assault         Tloc           9%         N/A       63%         4


Dungeon Overview and Level Annotations

Branches:
Dungeon (2/15)

Altars:

Shops:
D:2 =*


Innate Abilities, Weirdness & Mutations

You are amphibious.
You cover ground slowly.
You can hop short distances.
You have an extended range of vision and can be seen from far away.


Message History

You are too injured to fight recklessly!
The adder attacks as you move away! The adder closely misses you.
The adder bites you.
You are poisoned.
The adder poisons you! The adder attacks as you move away!
The adder misses you.
You feel sick.
You miss the adder.
The adder is lightly wounded.
You feel sick. The adder bites you but does no damage.
The adder barely misses you.
You hit the adder.
The adder is moderately wounded.
You feel sick.
You are no longer poisoned.
The adder completely misses you.
You hit the adder.
The adder is severely wounded.
The adder closely misses you. The adder barely misses you.
You barely miss the adder.
The adder is severely wounded.
The adder bites you.
* * * LOW HITPOINT WARNING * * *
You miss the adder.
The adder is severely wounded.
The adder bites you.
* * * LOW HITPOINT WARNING * * *
The adder bites you but does no damage.
You closely miss the adder.
The adder is severely wounded.
The adder bites you.
* * * LOW HITPOINT WARNING * * *
Throw: 7 boomerangs (disperse)
Press: ? - help, Shift-Dir - straight line, f - adder
Aim: an adder (severely wounded, 38% to hit)
You throw a boomerang of dispersal.
The boomerang of dispersal hits the adder and shatters for extra damage.
The adder blinks!
You kill the adder!
You barely miss the kobold. The kobold hits you with a +0 dagger.
You die...

######### ..# # ..# #
#.# # #.# # #.##
######### #..##
......... #...##
..##########.#..########
..'..........#..@Kg....+
.⌠############.###K.####
∩.# #.# ##[..# .⌠#
#.#..........# ###
#.#..........#
####....∩.†..#
#.........# #..K......#
#.......>...


You could see a goblin and 2 kobolds.

Vanquished Creatures
  An adder (D:2)
  2 endoplasms
  A giant cockroach (D:2)
  3 goblins (D:1)
  3 hobgoblins (D:1)
  2 jackals (D:1)
  A quokka (D:1)
  3 ball pythons (D:1)
  2 frilled lizards (D:1)
  3 kobolds (D:1)
  2 rats
23 creatures vanquished.

Notes
Turn   | Place    | Note
-------+----------+-------------------------------------------
     0 | D:1      | Dordric the Barachi Warper began the quest for the Orb.
     0 | D:1      | Reached XP level 1. HP: 17/17 MP: 3/3
   159 | D:1      | Reached skill level 3 in Long Blades
   174 | D:1      | Reached XP level 2. HP: 23/23 MP: 5/5
   341 | D:1      | Learned a level 2 spell: Blink
   764 | D:1      | Reached skill level 4 in Long Blades
   937 | D:2      | Reached XP level 3. HP: 28/28 MP: 6/6
   950 | D:2      | Found Holuw's Jewellery Boutique.
   992 | D:2      | Found Ykeit's Assorted Antiques.
  1007 | D:2      | Slain by a kobold

Illustrated notes

Levels and vault maps discovered:
D:1:      co_arrival_random_square_maze, layout_basic
D:2:      layout_basic, serial_shops, nicolae_shop_hallway_stairs,
          nicolae_shop_pleasant_corner_grove, shop_fountains, shop, shop,
          minmay_tromino_i2

Skill      XL: |  1  2 |
---------------+-------+-----
Long Blades    | 3 4 |  4.4
Fighting       | |  2.4
Throwing       | |  1.0
Armour         | |  1.2
Dodging        | |  2.1
Spellcasting   | |  2.1
Translocations | |  3.2

Action                     || total
---------------------------++-------
  Melee: Falchion          ||    65
  Throw: Boomerang         ||     1
 Armour: Leather armour    ||    17
  Dodge: Dodged            ||    33
